 Dungeon Crawl Stone Soup version 0.19.1-1-g22dce08 (webtiles) character file.

108 HessuHobo the Conjurer (level 4, 0/24 HPs)
             Began as a Deep Elf Conjurer on Dec 28, 2016.
             Slain by an adder (1 damage)
             ... on level 3 of the Dungeon.
             The game lasted 00:05:08 (3149 turns).

HessuHobo the Conjurer (Deep Elf Conjurer)          Turns: 3149, Time: 00:05:09

Health: 0/24       AC:  2    Str:  6    XL:     4   Next: 58%
Magic:  2/10       EV: 13    Int: 20    God:
Gold:   143        SH:  0    Dex: 15    Spells: 2 memorised, 6 levels left

rFire  . . .     SeeInvis .     l - +0 halberd
rCold  . . .     Gourm    .     a - +0 robe
rNeg   . . .     Faith    .     (shield currently unavailable)
rPois  .         Spirit   .     (no helmet)
rElec  .         Reflect  .     (no cloak)
rCorr  .         Harm     .     (no gloves)
MR     .....                    (no boots)
Stlth  ++........               (no amulet)
                                (no ring)
                                (no ring)

@: lethally poisoned (0 -> -2)
A: no striking features
a: no special abilities


You were on level 3 of the Dungeon.
You were not hungry.

You visited 1 branch of the dungeon, and saw 3 of its levels.

You collected 143 gold pieces.

Inventory:

Hand Weapons
 l - a +0 halberd (weapon)
Armour
 a - a +0 robe (worn)
Jewellery
 m - an uncursed ring of positive energy {unknown}
Scrolls
 e - 2 scrolls of remove curse {unknown}
 f - 2 scrolls of immolation {unknown}
 h - a scroll of enchant armour {unknown}
 k - a scroll of random uselessness {unknown}
 o - a scroll of noise {unknown}
 p - 3 scrolls of identify {unknown}
 q - a scroll of recharging {unknown}
Potions
 d - 2 potions of flight {unknown}
 g - a potion of mutation {unknown}
 t - a potion of experience {unknown}
Books
 b - a book of Conjurations

   Spells                             Type                      Level
   a - Magic Dart                     Conjuration                  1
   b - Searing Ray                    Conjuration                  2
   c - Dazzling Spray                 Conjuration/Hexes            3
   d - Fulminant Prism                Conjuration/Hexes            4
   e - Iskenderun's Mystic Blast      Conjuration                  4
   f - Iskenderun's Battlesphere      Conjuration/Charms           5
Comestibles
 c - 2 bread rations
 i - a royal jelly
 j - 2 chunks of flesh
 r - 2 meat rations
 u - 3 fruits


   Skills:
 - Level 0.1 Polearms
 - Level 2.4 Dodging
 - Level 2.4 Stealth
 - Level 3.0 Spellcasting
 + Level 6.6 Conjurations


You had 6 spell levels left.
You knew the following spells:

 Your Spells              Type           Power        Failure   Level  Hunger
a - Magic Dart            Conj           ####         1%          1    None
b - Searing Ray           Conj           ####..       1%          2    ##.....


Dungeon Overview and Level Annotations

Branches:
Dungeon (3/15)

Altars:
Fedhas

Annotations:
D:3 Grinder


Message History

The adder barely misses you.
Casting: Searing Ray
Confirm with . or Enter, or press ? or * to list all spells.
Aiming: Searing Ray
Press: ? - help, Shift-Dir - straight line, f/p - Grinder
Aim: Grinder (moderately wounded)
The searing ray hits the adder.
The adder is severely wounded.
You feel sick. The adder bites you.
* * * LOW HITPOINT WARNING * * *
Grinder blinks!
Casting: Searing Ray
Confirm with . or Enter, or press ? or * to list all spells.
Aiming: Searing Ray
Press: ? - help, Shift-Dir - straight line, f/p - Grinder
Aim: Grinder (moderately wounded)
The searing ray hits Grinder.
Grinder is heavily wounded.
The adder barely misses you. The adder bites you.
You die...

#..........# ♣♣♣♣♣...♣♣♣
#..........# ♣♣...♣♣
###......(...#♣ ♣.....♣
#.............#####.....#
####..[............÷.......#
#..............#######.....#
#.##.......................#
#.##.......###########....###
#.##.....5..@S§.......)......
#.#......############.....###
#.#......# #....<'..
#.#......# #.....###
#.#......# #.....#
###.#......# #######
#..........# #..........#
#.....######


You could see Grinder and an adder.

Vanquished Creatures
  A gnoll (D:1)
  3 adders
  2 worms
  A leopard gecko (D:1)
  4 giant cockroaches
  11 goblins
  7 hobgoblins
  8 jackals
  5 kobolds
  3 quokkas
  9 bats
  2 frilled lizards
  5 rats
61 creatures vanquished.

Notes
Turn   | Place    | Note
-------+----------+-------------------------------------------
     0 | D:1      | HessuHobo the Deep Elf Conjurer began the quest for the Orb.
     0 | D:1      | Reached XP level 1. HP: 10/10 MP: 6/6
   392 | D:1      | Reached XP level 2. HP: 15/15 MP: 4/8
   432 | D:1      | Reached skill level 5 in Conjurations
   796 | D:1      | Reached XP level 3. HP: 18/19 MP: 5/9
  2177 | D:2      | Reached skill level 6 in Conjurations
  2409 | D:2      | Reached XP level 4. HP: 24/24 MP: 6/10
  2578 | D:2      | Learned a level 2 spell: Searing Ray
  2953 | D:3      | Found a blossoming altar of Fedhas.
  3125 | D:3      | Noticed Grinder
  3134 | D:3      | Paralysed by Grinder for 2 turns
  3148 | D:3      | HP: 1/24 [adder (5)]
  3149 | D:3      | Slain by an adder

Skill      XL: |  1  2  3 |
---------------+----------+-----
Conjurations   | 5 6 |  6.6
Polearms       | |  0.1
Dodging        | |  2.4
Stealth        | |  2.4
Spellcasting   | |  3.0

Action                   |  1- 3 |  4- 6 || total
-------------------------+-------+-------++-------
Melee: Halberd           |     1 |     2 ||     3
 Cast: Magic Dart        |    88 |    34 ||   122
       Searing Ray       |       |     8 ||     8
  Use: Scroll            |       |     1 ||     1
       Potion            |       |     1 ||     1
  Eat: Chunk             |     3 |     2 ||     5
       Pizza             |     1 |       ||     1
Armor: Robe              |     2 |       ||     2
Dodge: Dodged            |     8 |     5 ||    13
